 Dungeon Crawl Stone Soup version 0.17-a0-1837-g7c6a762 (webtiles) character file.

1033 AvaKnavely the Slicer (level 8, -2/51 HPs)
             Began as a Kobold Abyssal Knight on Sept 15, 2015.
             Was an Elder of Lugonu.
             Slain by a killer bee (8 damage)
             ... on level 7 of the Dungeon.
             The game lasted 00:11:06 (4821 turns).

AvaKnavely the Slicer (Kobold Abyssal Knight)       Turns: 4821, Time: 00:11:06

Health: -2/51      AC:  5    Str: 10    XL:     8   Next: 48%
Magic:  11/11      EV: 18    Int: 10    God:    Lugonu [****..]
Gold:   189        SH:  0    Dex: 18    Spells: 0 memorised, 7 levels left

rFire  . . .     SeeInvis .     k - +3 dagger (venom)
rCold  + . .     Clarity  .     u - +0 ring mail
rNeg   . . .     SustAt   .     (shield restricted)
rPois  .         Gourm    .     (no helmet)
rElec  .         Spirit   .     (no cloak)
rCorr  .         Warding  .     (no gloves)
rMut   .         Stasis   .     (no boots)
MR     .....                    (no amulet)
Stlth  +.........               j - +4 ring of evasion
                                w - ring of protection from cold

@: lethally poisoned (-2 -> -16), not resistant to hostile enchantments, very
unstealthy
A: carnivore 3
a: Depart the Abyss, Bend Space, Banish, Corrupt, Renounce Religion


You were on level 7 of the Dungeon.
You worshipped Lugonu.
Lugonu was greatly pleased with you.
You were very full.

You visited 1 branch of the dungeon, and saw 6 of its levels.
You visited the Abyss 1 time.

You collected 189 gold pieces.

Inventory:

Hand weapons
 a - a +1 short sword
 k - a +3 dagger of venom (weapon)
Armour
 b - a +0 leather armour
 u - a +0 ring mail (worn)
Jewellery
 j - a +4 ring of evasion (right hand)
 w - a ring of protection from cold (left hand)
 y - an uncursed ring of wizardry {unknown}
 E - an uncursed amulet of warding {unknown}
Magical devices
 s - a wand of digging (14)
 C - a wand of fire (2)
 G - a wand of cold (3)
Scrolls
 e - 3 scrolls of remove curse
 g - a scroll of amnesia {unknown}
 h - 3 scrolls of teleportation
 i - 3 scrolls of immolation
 m - a scroll of random uselessness {unknown}
 p - 2 scrolls of enchant weapon
 q - a scroll of magic mapping {unknown}
 A - 2 scrolls of recharging {unknown}
 B - 3 scrolls of identify {unknown}
Potions
 f - 2 potions of lignification {unknown}
 n - a potion of flight {unknown}
 o - a potion of might {unknown}
 r - a potion of brilliance {unknown}
 t - a potion of ambrosia {unknown}
 v - a potion of invisibility {unknown}
 x - 2 potions of heal wounds {unknown}
 z - a potion of poison {unknown}
 F - a potion of haste {unknown}
Comestibles
 c - a meat ration
 d - 2 beef jerkies
 l - 2 slices of pizza
 D - a chunk of flesh


   Skills:
 + Level 6.3 Fighting
 * Level 8.7 Short Blades
 - Level 0.7 Armour
 - Level 3.2 Dodging
 + Level 5.1 Invocations


You had 7 spell levels left.
You didn't know any spells.

Dungeon Overview and Level Annotations

Branches:
Dungeon (7/15)             Temple (0/1) D:5

Altars:
Dithmenos
Qazlal
Trog


Innate Abilities, Weirdness & Mutations

You are small and have problems with some larger weapons.
You are carnivorous and can eat meat at any time.


Message History

The killer bee closely misses you.
You feel sick. The killer bee barely misses you. The killer bee misses you.
The killer bee stings you.
You are more poisoned.
The killer bee poisons you!
You feel sick. The killer bee stings you.
You are more poisoned.
The killer bee poisons you!
You feel sick. The killer bee closely misses you.
The killer bee completely misses you. The killer bee stings you.
* * * LOW HITPOINT WARNING * * *
* * * LOW HITPOINT WARNING * * *
You feel sick. The killer bee stings you.
* * * LOW HITPOINT WARNING * * *
The killer bee barely misses you. x2
* * * LOW HITPOINT WARNING * * *
You feel sick. The killer bee stings you.
* * * LOW HITPOINT WARNING * * *
The killer bee stings you!
You die...

##................#
.#.........)......##
.................##
.................#
.................#
.........H....#.##
.......H.#...#.y#
..........####yy#
g.........# ##@##
#.........# #..#
####......###..#
#....##..##
#...#..###
##........ #.(.##.#
#......... ###....#
##......... #...###
##..........
#########
##>...###...........


You could see 3 killer bees.

Vanquished Creatures
  Grinder (D:3)
  An ogre (D:7)
  A black bear (D:7)
  An orc warrior (D:7)
  A centaur (D:7)
  A killer bee (D:7)
  A crimson imp (D:4)
  An orc priest (D:3)
  A giant frog skeleton (D:4)
  2 worker ants (D:4)
  3 orc wizards
  A gnoll (D:2)
  7 adders
  A shadow imp (D:7)
  2 worms (D:2)
  4 giant geckos
  13 orcs
  7 bats
  6 giant cockroaches
  8 hobgoblins
  13 kobolds
  5 quokkas
  A ball python (D:4)
  A giant gecko zombie (D:7)
  5 giant newts
  9 goblins
  15 jackals
  A quokka skeleton (D:4)
  8 rats
121 creatures vanquished.

Notes
Turn   | Place    | Note
--------------------------------------------------------------
     0 | Abyss:1  | AvaKnavely the Kobold Abyssal Knight began the quest for the Orb.
     0 | Abyss:1  | Reached XP level 1. HP: 14/14 MP: 2/2
    47 | Abyss:1  | Noticed a hell hound
    63 | Abyss:1  | Noticed a blink frog
    64 | Abyss:1  | Noticed a starcursed mass
    77 | Abyss:1  | Noticed a thrashing horror
    77 | D:1      | Escaped the Abyss
   291 | D:1      | Acquired Lugonu's first power
   350 | D:1      | Reached XP level 2. HP: 17/19 MP: 3/3
  1104 | D:2      | Reached XP level 3. HP: 16/24 MP: 4/4
  1322 | D:2      | Reached skill level 4 in Fighting
  1397 | D:2      | Reached XP level 4. HP: 25/29 MP: 5/5
  1686 | D:2      | Acquired Lugonu's second power
  1759 | D:2      | Found a stormy altar of Qazlal.
  2718 | D:3      | Reached XP level 5. HP: 28/34 MP: 6/6
  2819 | D:3      | Noticed Grinder
  2843 | D:3      | Killed Grinder
  2843 | D:3      | Reached skill level 5 in Fighting
  2843 | D:3      | Reached skill level 5 in Short Blades
  2843 | D:3      | Reached XP level 6. HP: 12/40 MP: 6/8
  3084 | D:3      | Reached skill level 6 in Short Blades
  3692 | D:3      | Reached XP level 7. HP: 40/44 MP: 9/9
  3776 | D:3      | Acquired Lugonu's third power
  4233 | D:4      | Reached skill level 7 in Short Blades
  4409 | D:5      | Entered Level 5 of the Dungeon
  4440 | D:5      | Found a shadowy altar of Dithmenos.
  4545 | D:5      | Found a staircase to the Ecumenical Temple.
  4558 | D:5      | You fall through a shaft for 2 floors!
  4608 | D:7      | Found a bloodstained altar of Trog.
  4680 | D:7      | Reached skill level 8 in Short Blades
  4680 | D:7      | Reached XP level 8. HP: 46/51 MP: 11/11
  4692 | D:7      | Acquired Lugonu's fourth power
  4728 | D:7      | Reached skill level 5 in Invocations
  4810 | D:7      | Noticed a hippogriff
  4821 | D:7      | Slain by a killer bee

Vault maps used:
D:1:      sevenhm_arrival_forest_fort_small_4
D:2:      nicolae_overflow_hidden_temple, first_bread, minmay_unequal
D:3:      corexii_shack_village, serial_glass, glass_columns_b, glass_columns_c,
          uniq_grinder
D:5:      minmay_temple_entry_overgrown, serial_shops,
          nicolae_shop_behind_doors, nicolae_dithmenos_the_darkroom
D:7:      nicolae_overflow_crystal_walls

Action                   |  1- 3 |  4- 6 |  7- 9 || total
-------------------------+-------+-------+-------++-------
Melee: Short sword       |    91 |       |       ||    91
       Dagger            |       |   155 |   183 ||   338
Invok: Depart the Abyss  |     1 |       |       ||     1
  Use: Scroll            |       |     2 |     2 ||     4
       Potion            |       |     5 |       ||     5
 Stab: Sleeping          |       |     3 |     2 ||     5
  Eat: Chunk             |     6 |    10 |     3 ||    19
